Cogmind - Beta 13 @@@ ROGUE MODE // 2024.03.30 @ 20:02:02 Player: _An Result: Self-destructed Performance ------------- Evolutions (0) 0 Regions Visited (4) 800 Robots Destroyed (18) 90 Value Destroyed (517) 517 Prototype IDs (1) 20 Alien Tech Used (0) 0 Bonus (104) 104 TOTAL SCORE: 1531 Bonus ------- Follower Combat Kills 120 Friendly Fire -16 Cogmind --------- Core Integrity 18/250 Matter 290/300 Energy 125/125 System Corruption 0% Temperature Cool (0) Movement Core (200) Ox3 Location -9/Recycling Parts ------- > --- POWER (1) -------- Light Ion Engine > --- PROPULSION (2) --- (None) > --- UTILITY (2) ------ (None) > --- WEAPON (2) ------- Subdweller Laser Subdweller Machine Gun > --- INVENTORY (5) ---- Light Treads Hacking Suite Thief Drone Bay (2/3) Assault Rifle Peak State ------------ > --- POWER ------------ Light Ion Engine > --- PROPULSION ------- Light Treads > --- UTILITY ---------- Scrap Engine > --- WEAPON ----------- Subdweller Laser Subdweller Machine Gun > --- INVENTORY -------- Flight Unit Thief Drone Bay Subdweller Laser Autobeam Assault Rifle [Rating: 23] Favorites ----------- Power Light Ion Engine Engine Light Ion Engine Power Core Light Nuclear Core Propulsion Light Treads Treads Light Treads Utility Large Storage Unit Device Thief Drone Bay Storage Large Storage Unit Processor Signal Interpreter Weapon Light Assault Rifle Energy Gun Subdweller Laser Ballistic Gun Light Assault Rifle Special Weapon Mining Laser Build | -11 -10 -10 -10 -9 ------- Run | Yrd Mat Min Sub Rec Slots Evolved . | . . . . . Power . | . . . . . Propulsion . | . . . . . Utility . | . . . . . Weapon . | . . . . . Parts Attached 21 | 6 1 3 10 1 Power 5 | 1 . 2 2 . Engine 3 | 1 . 1 1 . Core 2 | . . 1 1 . Reactor . | . . . . . Propulsion 5 | 2 . . 3 . Treads 5 | 2 . . 3 . Leg . | . . . . . Wheel . | . . . . . Hover . | . . . . . Flight . | . . . . . Utility 5 | 1 1 1 1 1 Device 2 | . . 1 . 1 Storage 2 | 1 1 . . . Processor 1 | . . . 1 . Hackware . | . . . . . Protection . | . . . . . Artifact . | . . . . . Weapon 6 | 2 . . 4 . Energy Gun 2 | . . . 2 . Energy Cannon . | . . . . . Ballistic Gun 3 | 2 . . 1 . Ballistic Cannon . | . . . . . Launcher . | . . . . . Special Weapon 1 | . . . 1 . Impact Weapon . | . . . . . Slashing Weapon . | . . . . . Piercing Weapon . | . . . . . Special Melee Weapon . | . . . . . Unidentified Prototypes 1 | . . 1 . . Parts Lost 6 | . . 1 5 . Power 2 | . . 1 1 . Propulsion 3 | . . . 3 . Utility . | . . . . . Weapon 1 | . . . 1 . Highest Loss Streak 2 | . . 1 2 . To Critical Strikes . | . . . . . Average Slot Usage (%) 94 | . 99 99 93 65 Engine 8 | . 14 5 9 14 Core 5 | . . 8 4 . Treads 23 | . 28 28 22 9 Device 9 | . . 10 9 13 Storage 15 | . 27 17 14 . Processor 2 | . . . 4 . Energy Gun 4 | . . . 6 14 Ballistic Gun 23 | . 28 28 21 14 Naked Turns . | . . . . . Heaviest Build 35 | 11 31 32 35 31 Greatest Support 40 | 40 40 40 40 20 Greatest Overweight (x) 3 | . . . 1 3 Average Overweight (x) . | . . . . 1 Largest Inventory Capacity 15 | 8 15 15 15 15 Average Capacity 14 | 7 14 15 15 5 Most Carried 15 | 1 4 9 15 14 Average Carried 10 | . 1 8 14 4 Final Capacity 15 | 8 15 15 15 5 Final Carried 14 | 1 4 9 14 4 Scrap Engine Consumption 3 | . . . . 3 Class Distribution -------------------- 100% | Mutant Dominant Class ---------------- Mutant | -10/Materials Mutant | -10/Mines Mutant | -10/Subcaves Mutant | -9/Recycling Resources | -11 -10 -10 -10 -9 ----------- Run | Yrd Mat Min Sub Rec Matter Collected 640 | 203 99 133 205 . Remotely . | . . . . . Salvage Created 597 | . 196 211 190 . Parts 42 | . 17 16 9 . Haulers Intercepted . | . . . . . Recyclers Shooed . | . . . . . Parts Field Recycled . | . . . . . Retrieved Matter . | . . . . . Parts Self-Destructed 15 | . . . 15 . Prevented . | . . . . . Kills | -11 -10 -10 -10 -9 ------- Run | Yrd Mat Min Sub Rec Combat Hostiles Destroyed 16 | . 4 7 5 . Guns 16 | . 4 7 5 . Classes Destroyed 5 | . 3 1 1 . Operator 1 | . 1 . . . Watcher 1 | . 1 . . . Swarmer 4 | . . 3 1 . Grunt 8 | . 4 4 . . Subdweller 4 | . . . 4 . Best Kill Streak 3 | . 2 3 1 . Combat Bots Only 3 | . 2 3 1 . Max Kills in Single Turn 1 | . 1 1 1 . Gunslinging . | . . . . . Exploded . | . . . . . Melee . | . . . . . Uniques/NPCs Destroyed . | . . . . . Combat | -11 -10 -10 -10 -9 -------- Run | Yrd Mat Min Sub Rec Hostile Shots Fired 134 | . 42 21 71 . Missed 38 | . 16 4 18 . Damage Taken 1240 | . 284 188 768 . Core 232 | . 56 25 151 . Absorbed by Shields . | . . . . . Core Remaining (%) 100 | 100 . . . . Volleys Fired 87 | . 20 15 52 . Largest 2 | . 2 2 2 . Hottest 100 | . 40 40 100 . Shots Fired 165 | . 40 30 95 . Gun 159 | . 40 30 89 . Cannon . | . . . . . Launcher . | . . . . . Special 6 | . . . 6 . Kinetic 145 | . 40 30 75 . Thermal 20 | . . . 20 . Explosive . | . . . . . Electromagnetic . | . . . . . Robot Hit Streak 12 | . 3 6 12 . Robot Miss Streak 3 | . 3 3 3 . Penetration Max . | . . . . . Secondary Targets 3 | . 2 . 1 . Max Gunslinging Chain 1 | . 1 . 1 . Shots Hit Robots 78 | . 18 19 41 . Core Hits 30 | . 9 12 9 . Critical Kills . | . . . . . Critical Parts Destroyed . | . . . . . Critical Strikes . | . . . . . Melee Attacks . | . . . . . Impact . | . . . . . Slashing . | . . . . . Piercing . | . . . . . Sneak Attacks . | . . . . . Combat Hostiles . | . . . . . Follow-up Attacks . | . . . . . Damage Inflicted 1046 | . 212 238 596 . Guns 1046 | . 212 238 596 . Cannons . | . . . . . Explosions . | . . . . . Melee . | . . . . . Ramming . | . . . . . Kinetic 985 | . 212 238 535 . Thermal 61 | . . . 61 . Explosive . | . . . . . Electromagnetic . | . . . . . Impact . | . . . . . Slashing . | . . . . . Piercing . | . . . . . Highest Corruption . | . . . . . Average Corruption . | . . . . . Corruption Purged . | . . . . . Corruption Blocked . | . . . . . Overload Shots . | . . . . . Overflow Damage . | . . . . . Projectiles . | . . . . . Explosions . | . . . . . Melee . | . . . . . Knockbacks . | . . . . . Impact . | . . . . . Kinetic . | . . . . . Secondary . | . . . . . Self-Inflicted Damage . | . . . . . Shots . | . . . . . Rammed . | . . . . . Targets Rammed . | . . . . . Kicked . | . . . . . Crushed . | . . . . . Highest Temperature 286 | . 16 14 286 . Average Temperature 38 | . 9 7 137 . Received Heat Transfer 854 | . 156 81 617 . Siege Activations . | . . . . . Robots Corrupted . | . . . . . Combat Hostiles . | . . . . . Parts Fried . | . . . . . Impact Corruptions . | . . . . . Robots Melted . | . . . . . Combat Hostiles . | . . . . . Parts Melted . | . . . . . Heat Transferred 75 | . . . 75 . Parts Sabotaged . | . . . . . Parts Stolen . | . . . . . Parts Stripped . | . . . . . Power Chain Reactions . | . . . . . Alert | -11 -10 -10 -10 -9 ------- Run | Yrd Mat Min Sub Rec Peak Influence 129 | . 129 119 . . Initial 49 | . . 49 . . Average 51 | . 67 60 . . Maximum Alert Level . | . . . . . Low Security (%) 100 | 100 100 100 . 100 Level 1 . | . . . . . Level 2 . | . . . . . Level 3 . | . . . . . Level 4 . | . . . . . Level 5 . | . . . . . High Security . | . . . . . Max Security . | . . . . . Squads Dispatched 2 | . 1 1 . . Investigation 1 | . . 1 . . Extermination . | . . . . . Reinforcement 1 | . 1 . . . Assault . | . . . . . Garrison . | . . . . . Intercept . | . . . . . Searches Triggered . | . . . . . Construction Impeded . | . . . . . Haulers Reinforced . | . . . . . Active Scanning Responses . | . . . . . Cargo Convoy Interrupts . | . . . . . Stealth | -11 -10 -10 -10 -9 --------- Run | Yrd Mat Min Sub Rec Distress Signals 1 | . 1 . . . Communications Jammed . | . . . . . Distress Signals . | . . . . . Times Spotted 62 | . 7 6 49 . Peak Tracking Total 3 | . 3 2 3 . Tactical Retreats 5 | . . . 5 . Traps | -11 -10 -10 -10 -9 ------- Run | Yrd Mat Min Sub Rec Traps Triggered . | . . . . . Indirectly . | . . . . . Trap Hack Attempts . | . . . . . Triggered . | . . . . . Disarmed . | . . . . . Reprogrammed . | . . . . . Reused . | . . . . . Traps Extracted . | . . . . . Installed . | . . . . . Triggered . | . . . . . Machines | -11 -10 -10 -10 -9 ---------- Run | Yrd Mat Min Sub Rec Machines Disabled . | . . . . . Max in Single Turn . | . . . . . Machines Repaired . | . . . . . Machines Dismantled . | . . . . . Machines Sabotaged . | . . . . . Overloaded Fab Kills . | . . . . . Hacking | -11 -10 -10 -10 -9 --------- Run | Yrd Mat Min Sub Rec Machines Accessed 3 | . 1 2 . . Terminals 2 | . 1 1 . . Fabricators . | . . . . . Repair Stations . | . . . . . Recycling Units . | . . . . . Scanalyzers . | . . . . . Garrison Access . | . . . . . Total Hacks 10 | . 6 4 . . Successful 4 | . 3 1 . . Failed 6 | . 3 3 . . Catastrophic 3 | . 1 2 . . Database Lockouts . | . . . . . Manual 9 | . 6 3 . . Terminals 9 | . 6 3 . . Fabricators . | . . . . . Repair Stations . | . . . . . Recycling Units . | . . . . . Scanalyzers . | . . . . . Garrison Access . | . . . . . Terminal Hacks 3 | . 2 1 . . Open Door 1 | . . 1 . . Terminal Index 1 | . 1 . . . Zone Layout 1 | . 1 . . . Fabricator Hacks . | . . . . . Repair Station Hacks . | . . . . . Recycling Unit Hacks . | . . . . . Scanalyzer . | . . . . . Garrison Access Hacks . | . . . . . Unauthorized Hacks 1 | . 1 . . . Terminals 1 | . 1 . . . Botnet 1 | . 1 . . . Fabricators . | . . . . . Repair Stations . | . . . . . Recycling Units . | . . . . . Scanalyzers . | . . . . . Garrison Access . | . . . . . Data Cores Recovered . | . . . . . Used . | . . . . . Hacking Detections 2 | . 1 1 . . Full Trace Events 1 | . . 1 . . Feedback Events . | . . . . . Feedback Blocked . | . . . . . Robot Schematics Acquired . | . . . . . Robots Built . | . . . . . Authchips . | . . . . . Time . | . . . . . Total Robot Build Rating . | . . . . . Part Schematics Acquired . | . . . . . Parts Built . | . . . . . Authchips . | . . . . . Time . | . . . . . Total Part Build Rating . | . . . . . Parts Repaired . | . . . . . Time . | . . . . . Parts Recycled . | . . . . . Recycled Matter . | . . . . . Retrieved Matter . | . . . . . Retrieved Components . | . . . . . Parts Scanalyzed . | . . . . . Part Schematics Acquired . | . . . . . Parts Damaged . | . . . . . Bothacking | -11 -10 -10 -10 -9 ------------ Run | Yrd Mat Min Sub Rec Used RIF Installer . | . . . . . Robots Hacked . | . . . . . Non-combat . | . . . . . Combat . | . . . . . Robot Hacks Applied . | . . . . . Relay Couplers Released . | . . . . . Fabnet Peak Effective % . | . . . . . Robots Rewired . | . . . . . Allies Hacked . | . . . . . Hacks Repelled . | . . . . . Allies | -11 -10 -10 -10 -9 -------- Run | Yrd Mat Min Sub Rec Total Allies . | . . . . . Largest Group . | . . . . . Highest-Rated Group . | . . . . . Highest-Rated Ally . | . . . . . Total Orders 8 | . . 2 6 . RETURN 8 | . . 2 6 . Ally Attacks 75 | . . . 75 . Total Damage 427 | . . . 427 . Kills 6 | . . . 6 . Allies Corrupted . | . . . . . Allies Melted . | . . . . . Intel | -11 -10 -10 -10 -9 ------- Run | Yrd Mat Min Sub Rec Robot Analysis Total . | . . . . . Derelict Logs Recovered 4 | . . 3 1 . Drone Launches 37 | . . 6 31 . Drone Recoveries 36 | . . 6 30 . Exploration | -11 -10 -10 -10 -9 ------------- Run | Yrd Mat Min Sub Rec Turns Passed 3727 | 90 168 1209 2084 176 Spaces Moved 1856 | 52 62 708 983 51 Core 25 | 2 . . . 23 Treads 1831 | 50 62 708 983 28 Legs . | . . . . . Wheels . | . . . . . Hover . | . . . . . Flight . | . . . . . Fastest Speed 50 | 50 160 160 160 160 Average Speed 174 | 155 160 160 186 181 Slowest Speed 240 | 160 160 160 240 240 Overloaded Moves . | . . . . . Propulsion Burnouts . | . . . . . Robots Hopped . | . . . . . Cave-ins Triggered . | . . . . . Exploration Rate (%) 35 | 4 18 100 43 11 Regions Visited 4 Branch Regions 3 Pre-discovered Areas 1 | . . 1 . . Known Exits Taken 1 | . . . 1 . Unknown Exits Taken 3 | 1 1 1 . . Scrap Searched 2 | . . 1 1 . Spaces Dug . | . . . . . Terrain Destroyed 1 | . . . 1 . Melee . | . . . . . Projectile 1 | . . . 1 . AOE . | . . . . . Terrain Rammed . | . . . . . Walls Destroyed . | . . . . . Machines Disabled . | . . . . . Actions | -11 -10 -10 -10 -9 --------- Run | Yrd Mat Min Sub Rec Total 2181 | 58 94 758 1134 137 Wait 191 | . 9 26 79 77 Move 1852 | 51 61 707 982 51 Hop . | . . . . . Pick Up 14 | 1 3 5 4 1 Fast Attach 12 | 6 1 1 3 1 Attach 7 | . . 2 5 . Detach 7 | . . 2 2 3 Swap 2 | . . . 2 . Drop 9 | . . . 5 4 Fire 87 | . 20 15 52 . Melee . | . . . . . Ram . | . . . . . Kick . | . . . . . Crush . | . . . . . Escape Stasis . | . . . . . Rewire . | . . . . . Trap . | . . . . . Miscellaneous . | . . . . . Route ------- -11/Scrapyard -10/Materials -10/Mines (discovered 3 exits: [*Mat x2] / [*Sub]) -10/Subcaves (discovered 2 exits: *Mat / *Rec) -9/Recycling History --------- Turn | Location | Event 9 | -11/Scrapyard | Discovered new exit (range 15) 91 | -11/Scrapyard | Entered Materials 242 | -10/Materials | Discovered new exit (range 8) 259 | -10/Materials | Entered Mines 315 | -10/Mines | Build established: Mutant 316 | -10/Mines | Discovered new exit (range 16) 336 | -10/Mines | Received a Rocket Launcher from a helpful Derelict 503 | -10/Mines | Discovered new exit (range 9) 560 | -10/Mines | Found the Drone Emporium 565 | -10/Mines | Found Prototype Device 567 | -10/Mines | Identified Thief Drone Bay 610 | -10/Mines | Learned location of 1 exit from Materials 617 | -10/Mines | Learned location of Storage (-9) 845 | -10/Mines | Learned Materials garrison access intel 1463 | -10/Mines | Discovered new exit (range 3) 1468 | -10/Mines | Entered Subcaves 1556 | -10/Subcaves | Discovered new exit (range 15) 1621 | -10/Subcaves | Shifting Twisted Machinery released Sub. Machine Gun 1676 | -10/Subcaves | Shifting Twisted Machinery released Sub. Machine Gun 1699 | -10/Subcaves | Shifting Twisted Machinery released Sub. Beam Cannon 1772 | -10/Subcaves | Core integrity fell below 50% 1836 | -10/Subcaves | Discovered new exit (range 2) 2165 | -10/Subcaves | Core integrity fell below 20% 2307 | -10/Subcaves | Learned Materials non-interactive machine intel 2650 | -10/Subcaves | A swath of the cavern ceiling suddenly collapsed 2789 | -10/Subcaves | A swath of the cavern ceiling suddenly collapsed 3024 | -10/Subcaves | Identified exit to Recycling 3272 | -10/Subcaves | Identified exit to Materials 3552 | -10/Subcaves | Entered Recycling 3558 | -9/Recycling | Found Scrap Engine 3728 | -9/Recycling | Self-destructed Last Messages --------------- R-06 Scavenger collects Rocket Launcher. R-06 Scavenger inserts Rocket Launcher into recycling unit. R-06 Scavenger collects Autobeam. R-06 Scavenger collects Sml. Storage Unit. R-06 Scavenger collects Sub. Power Source. R-06 Scavenger collects Sub. Beam Cannon. R-06 Scavenger collects Grenade Launcher. R-06 Scavenger inserts Autobeam into recycling unit. R-06 Scavenger collects Autobeam. R-06 Scavenger inserts Sml. Storage Unit into recycling unit. R-06 Scavenger inserts Sub. Power Source into recycling unit. R-06 Scavenger inserts Sub. Beam Cannon into recycling unit. Dropped Flight Unit. Scrap Engine consumes Flight Unit. Discarded Scrap Engine. Map ----- +----------------------------------------------------+ | | | | | | | | | ????????????????????????????????????? | | ?????????????????????????#####??????? | | ?????????????????????????#"""#??????? | | ????????????????????######"Y"###????? | | ????????????????????# #????? | | ????????????????????# !#????? | | ??????????########### #????? | | ??????????# # ########????? | | ??????????# # #???????????? | | ??????????# # #???????????? | | ??????????# # #???????????? | | ??????????# # #???????????? | | ??????????# + #???????????? | | ??????????# # #???????????? | | ?????????# # #???????????? | | ?????????############ #???????????? | | ???????? #???????????? | | ???????????????###+###+#######??????? | | ????????????????# #??????? | | ????????????????# #??????? | | ????????????????# #??????? | | ????????????????# @ #??????? | | ????????????????# #??????? | | ????????????????# #??????? | | ????????????????# #??????? | | ???????????? + #??????? | | ?????????????#### r#?????? | | ????????????????# ##?????? | | ????????????????# r??????? | | ????????????????# ##?????? | | ????????????????##############??????? | | ????????????????????????????????????? | | ????????????????????????????????????? | | ????????????????????????????????????? | | ????????????????????????????????????? | | ????????????????????????????????????? | | ????????????????????????????????????? | | ????????????????????????????????????? | | ????????????????????????????????????? | | ????????????????????????????????????? | | ????????????????????????????????????? | | ????????????????????????????????????? | | ????????????????????????????????????? | | ????????????????????????????????????? | | ????????????????????????????????????? | | ????????????????????????????????????? | +----------------------------------------------------+ Best States ------------- Heat Dissipation 25 Energy Generation 14 Energy Capacity 160 Matter Stores 300 Matter Capacity 300 Sight Range 16 Terrain Scan Density 10 Evasion (%) 40 Recoil Reduction 2 Item Schematics ----------------- None Robot Schematics ------------------ None Fabricated ------------ Nothing Alien Tech Used ----------------- None Achievements -------------- Tourist Challenges ------------ None Game ------ Seed ForceFrostRouter Manual? 0 Play Time 00:25:07 Cumulative 1.6 hours Start 2024.03.30 @ 19:26:08 End 2024.03.30 @ 20:02:02 Sessions 1 Manual Loads 0 Difficulty Rogue Special Mode None Game No. 6 Rogue 6 Adventurer 0 Explorer 0 Win Type - Total 0 Types 0/0/0/0/0/0/0/0/0 Lore% 1 Gallery% 4 Achievement% 5 Wizard Run 0 Options --------- Layout 1 ASCII 0 Keyboard 1 Movement Numpad Keybinds 0 Fullscreen 1 Font 32/SmallcapsGlow Map View 50x35 Zoom Use 0% Tactical HUD 0 Map Filters NONE Filters NONE Steam 1 RUN: ed2e3e7d-b877-4ae7-8c2d-72a13460aa09